 Dungeon Crawl Stone Soup version 0.27.0-1-g7a089689b8 (webtiles) character file.

Game seed: 79861358750681287

498 ZARRMARR the Chopper (level 7, -10/60 HPs)
             Began as a Hill Orc Fighter on Aug 1, 2021.
             Mangled by an ogre (24 damage)
             ... on level 5 of the Dungeon.
             The game lasted 00:23:09 (3505 turns).

ZARRMARR the Chopper (Hill Orc Fighter)             Turns: 3505, Time: 00:23:09

Health: -10/60     AC: 11    Str: 21    XL:     7   Next: 16%
Magic:  7/7        EV:  8    Int:  8    God:
Gold:   186        SH:  9    Dex: 10    Spells: 6/6 levels left

rFire    . . .     SeeInvis .   a - +0 war axe
rCold    . . .     Faith    .   c - +0 kite shield
rNeg     . . .     Spirit   .   b - +0 scale mail
rPois    .         Reflect  .   g - +2 helmet
rElec    .         Harm     .   (no cloak)
rCorr    .         Rampage  .   (no gloves)
Will     .....                  m - +0 pair of boots
Stlth    ..........             (no amulet)
HPRegen  0.20/turn              (no ring)
MPRegen  0.10/turn              (no ring)

@: no status effects
A: no striking features
a: no special abilities


You were on level 5 of the Dungeon.
You visited 1 branch of the dungeon, and saw 5 of its levels.

You collected 283 gold pieces.
You spent 97 gold pieces at shops.

Inventory:

Hand Weapons
 a - a +0 war axe (weapon)
 h - a +2 dagger of venom
Missiles
 e - 105 stones (quivered)
Armour
 b - a +0 scale mail (worn)
 c - a +0 kite shield (worn)
 g - a +2 helmet (worn)
 m - a +0 pair of boots (worn)
Wands
 i - a wand of digging (4)
Scrolls
 j - a scroll of silence
 n - a scroll of enchant weapon
 o - a scroll of noise
 p - a scroll of fog
 q - a scroll of blinking {unknown}
Potions
 d - a potion of ambrosia {unknown}
 f - a potion of haste {unknown}
 k - a potion of curing {unknown}
 l - a potion of heal wounds {unknown}


   Skills:
 + Level 4.6 Fighting
 + Level 6.5 Axes
 + Level 2.0 Throwing
 + Level 4.6 Armour
 + Level 1.0 Dodging
 + Level 4.4 Shields


You had 6 spell levels left.
You didn't know any spells.
Your spell library was empty.

Dungeon Overview and Level Annotations

Branches:
Dungeon (5/15)
 Temple: D:4-7

Altars:
Dithmenos
Nemelex Xobeh
Wu Jian

Shops:
D:1 (   D:4 **


Message History

You throw a stone. The stone hits the ogre.
The ogre is lightly wounded.
Unknown command.
Throw: 106 stones
Press: ? - help, Q - select action Shift-Dir - straight line, f/p - ogre
Aim: an ogre, wielding a +0 giant club (73% to hit)
You throw a stone. The stone barely misses the ogre.
Unknown command.
Cleave: a) +0 war axe
Press: ? - help, Dir - move target, f/p - ogre
Aim: an ogre, wielding a +0 giant club (about 26% to evade your +0 war axe)
You barely miss the ogre. The ogre closely misses you.
Unknown command.
Cleave: a) +0 war axe
Press: ? - help, Dir - move target, f/p - ogre
Aim: an ogre, wielding a +0 giant club (about 27% to evade your +0 war axe)
You hit the ogre.
The ogre is lightly wounded.
The ogre hits you with a +0 giant club!
Unknown command.
Cleave: a) +0 war axe
Press: ? - help, Dir - move target, f/p - ogre
Aim: an ogre, wielding a +0 giant club (lightly wounded, about 26% to evade your +0 war axe)
You hit the ogre but do no damage.
The ogre is lightly wounded.
The ogre hits you with a +0 giant club!
Unknown command.
Unknown command.
You hit the ogre.
The ogre is lightly wounded.
You hear the hiss of an avalanche of sand nearby.
The ogre hits you with a +0 giant club!!
You hit the ogre but do no damage.
The ogre is lightly wounded.
The ogre hits you with a +0 giant club!
* * * LOW HITPOINT WARNING * * *
You slash the ogre!
The ogre is moderately wounded.
The ogre hits you with a +0 giant club!!
You die...

......## .......#
....... .......##
....... #.......#
....... #..####.#
.....(. #...# ###
....(.. .#..## .(.....
.#...#########
##O.....#
.##..........###@.....#
....####.........###.##
...## #########..#
....## ##..# .....# #.#
...... ..# ...... #..#
...... #..# .....# ..#


You could see an ogre.

Vanquished Creatures
  Sigmund (D:2)
  A scorpion (D:5)
  An iguana (D:5)
  2 orc wizards (D:5)
  A hound zombie (D:5)
  3 gnolls
  4 adders
  An ufetubus (D:4)
  A worm (D:4)
  A dart slug (D:2)
  5 orcs
  6 ball pythons
  4 endoplasms
  2 giant cockroaches
  16 hobgoblins
  26 jackals
  6 kobolds
  3 quokkas (D:2)
  3 bats
  13 frilled lizards
  8 goblins
  6 rats
114 creatures vanquished.

Vanquished Creatures (others)
  7 plants (D:2)
7 creatures vanquished.

Grand Total: 121 creatures vanquished

Notes
Turn   | Place    | Note
-------+----------+-------------------------------------------
     0 | D:1      | ZARRMARR the Hill Orc Fighter began the quest for the Orb.
     0 | D:1      | Reached XP level 1. HP: 19/19 MP: 1/1
   336 | D:1      | Reached XP level 2. HP: 27/27 MP: 2/2
   581 | D:1      | Reached skill level 3 in Axes
   585 | D:1      | Found Niddokek's Antique Weapon Shoppe.
   777 | D:1      | Found a faded altar of an unknown god.
   871 | D:1      | Reached XP level 3. HP: 33/33 MP: 3/3
  1193 | D:2      | Reached XP level 4. HP: 26/40 MP: 4/4
  1328 | D:2      | Noticed Sigmund
  1349 | D:1      | Reached skill level 4 in Axes
  1370 | D:2      | Killed Sigmund
  1371 | D:2      | Reached skill level 5 in Axes
  1371 | D:2      | Reached skill level 1 in Throwing
  1371 | D:2      | Reached XP level 5. HP: 46/46 MP: 5/5
  1469 | D:2      | Reached XP level 6. HP: 44/52 MP: 6/6
  2280 | D:3      | Found a sparkling altar of Nemelex Xobeh.
  2403 | D:3      | Reached skill level 6 in Axes
  2762 | D:4      | Found Paniar's General Store.
  2792 | D:4      | Found Zisaof's Specific Store.
  2806 | D:4      | Bought a scroll of enchant weapon for 97 gold pieces
  2858 | D:4      | Found an ornate altar of the Wu Jian Council.
  3030 | D:4      | Found a shadowy altar of Dithmenos.
  3223 | D:5      | Entered Level 5 of the Dungeon
  3401 | D:5      | Reached XP level 7. HP: 52/60 MP: 7/7
  3413 | D:5      | Reached skill level 1 in Dodging
  3505 | D:5      | Mangled by an ogre

Illustrated notes

Levels and vault maps discovered:
D:1:      amcnicky_arrival_feature_with_door, layout_loops_corners,
          chequers_ecumenical_altar_lobes, serial_shops, nicolae_shop_stone
D:2:      layout_rooms, minmay_lizard_king, uniq_sigmund
D:3:      layout_rooms, nemelex_dance_club_becter, solitary_fountain,
          minmay_goblin_outpost
D:4:      layout_rooms, nicolae_wu_jian_wuxing_cycle,
          nicolae_dithmenos_the_darkroom, nicolae_specific_store
D:5:      layout_cave_pods, lightli_ossuary_entry_decrepit_ruins

Skill      XL: |  1  2  3  4  5  6  7 |
---------------+----------------------+-----
Axes           | 3 5 6 |  6.5
Fighting       | 4 |  4.6
Throwing       | 1 2 |  2.0
Armour         | 4 |  4.6
Shields        | 4 |  4.4
Dodging        | 1 |  1.0

Action                   |  1- 3 |  4- 6 |  7- 9 || total
-------------------------+-------+-------+-------++-------
Melee: War axe           |    91 |   214 |    17 ||   322
Throw: Stone             |    31 |   141 |     8 ||   180
  Use: Scroll            |     2 |     6 |       ||     8
       Potion            |       |     1 |       ||     1
Armor: Scale mail        |    47 |   128 |     6 ||   181
Dodge: Dodged            |    22 |    82 |     4 ||   108
Block: Kite shield       |    49 |   161 |     1 ||   211
